 Dungeon Crawl Stone Soup version 0.19.0-18-g426998a (webtiles) character file.

8206 Jerry the Carver (level 11, -2/73 HPs)
             Began as a Minotaur Monk on Nov 11, 2016.
             Was an Elder of Dithmenos.
             Impaled on a porcupine's spines (12 damage)
             ... on level 8 of the Dungeon.
             The game lasted 00:52:14 (13345 turns).

Jerry the Carver (Minotaur Monk)                   Turns: 13345, Time: 00:52:15

Health: -2/73      AC: 11    Str: 16    XL:     11   Next: 6%
Magic:  10/10      EV: 16    Int:  7    God:    Dithmenos [****..]
Gold:   600        SH:  5    Dex: 16    Spells: 0 memorised, 10 levels left

rFire  . . .     SeeInvis +     k - -1 falchion (curse)
rCold  . . .     Gourm    .     C - +0 scale mail
rNeg   + . .     Faith    .     l - +0 buckler
rPois  .         Spirit   .     (helmet restricted)
rElec  .         Reflect  .     (no cloak)
rCorr  .         Harm     .     s - +1 pair of gloves
MR     .....     Rnd*Rage +     (no boots)
Stlth  +.........               (no amulet)
                                (no ring)
                                D - ring of positive energy

@: very slightly contaminated, hasted, wreathed by umbra, very quick
A: retaliatory headbutt, claws 1, horns 2, talons 1, see invisible, berserk 1,
frail 1, mutation resistance 1, sense surroundings 1
a: Shadow Step, Renounce Religion


You were on level 8 of the Dungeon.
You worshipped Dithmenos.
Dithmenos was greatly pleased with you.
You were hungry.

You visited 3 branches of the dungeon, and saw 11 of its levels.
You also visited: Sewer.

You collected 600 gold pieces.

Inventory:

Hand Weapons
 a - a +0 falchion
 k - a cursed -1 falchion (weapon)
Missiles
 h - 6 javelins (quivered)
Armour
 g - a +1 shield of fire resistance
 l - a +0 buckler (worn)
 s - a +1 pair of gloves (worn)
 u - a +1 robe of cold resistance
 A - the +0 robe of Gravitas {rC++ MR- Regen+ Str+8, unknown}
   (You found it on level 9 of the Dungeon)

   It affects your strength (+8).
   It greatly protects you from cold.
   It affects your resistance to hostile enchantments.
   It increases your rate of regeneration.
 C - a +0 scale mail (worn)
Jewellery
 i - an uncursed ring of flight
 D - a ring of positive energy (left hand)
Wands
 v - a wand of enslavement (6/24)
 x - a wand of paralysis (4/24)
Scrolls
 d - 2 scrolls of teleportation
 m - 4 scrolls of amnesia
 o - 2 scrolls of fear
 p - 2 scrolls of enchant armour
 y - a scroll of blinking
 z - 4 scrolls of magic mapping
 E - a scroll of identify
Potions
 e - a potion of haste
 j - a potion of magic
 w - a potion of curing
 B - a potion of lignification {unknown}
 F - a potion of brilliance {unknown}
Books
 b - a book of Cantrips

   Spells                             Type                      Level
   a - Confusing Touch                Hexes                        1
   b - Animate Skeleton               Necromancy                   1
   c - Summon Small Mammal            Summoning                    1
   d - Apportation                    Translocation                1
 t - a book of Geomancy

   Spells                             Type                      Level
   a - Sandblast                      Earth                        1
   b - Passwall                       Transmutation/Earth          2
   c - Stone Arrow                    Conjuration/Earth            3
   d - Petrify                        Transmutation/Earth          4
   e - Lee's Rapid Deconstruction     Earth                        5
Comestibles
 c - 10 bread rations
 f - 13 slices of pizza
 q - 8 meat rations
 G - a beef jerky
 I - 3 fruits


   Skills:
 - Level 3.6 Fighting
 + Level 11.9 Long Blades
 + Level 11.1 Armour
 + Level 10.7 Dodging
 - Level 1.5 Stealth
 - Level 5.4 Shields


You had 10 spell levels left.
You didn't know any spells.

Dungeon Overview and Level Annotations

Branches:
Dungeon (9/15)             Temple (1/1) D:6            Lair (1/6) D:8
    Orc: D:9-12

Altars:
Ashenzari
Cheibriados
Dithmenos
Elyvilon
Fedhas
Gozag
Hepliaklqana
Kikubaaqudgha
Makhleb
Nemelex Xobeh
Okawaru
Qazlal
Ru
Sif Muna
Trog
Uskayaw
Vehumet
Xom
Yredelemnul
Zin
The Shining One
Beogh

Annotations:
D:6 Eustachio


Innate Abilities, Weirdness & Mutations

You reflexively headbutt those who attack you in melee.
You have a pair of horns on your head.
You have sharp fingernails.
You have sharp toenails.
You have supernaturally acute eyesight. (SInv)
You tend to lose your temper in combat.
You are frail. (-10% HP)
You are somewhat resistant to further mutation.
You passively map a small area around you.


Message History

The porcupine is lightly wounded.
The porcupine closely misses you. You furiously retaliate!
You headbutt the porcupine. The porcupine barely misses you.
You furiously retaliate!
You headbutt the porcupine!
You feel much better. The porcupine bites you.
* * * LOW HITPOINT WARNING * * *
You are struck by the porcupine's spines.
* * * LOW HITPOINT WARNING * * *
You closely miss the porcupine. Your kick misses the porcupine.
The porcupine is heavily wounded.
The porcupine barely misses you.
You hit the porcupine.
You claw the porcupine, but do no damage.
The porcupine is severely wounded.
The porcupine barely misses you. You furiously retaliate!
You headbutt the porcupine.
You kill the porcupine!
Dithmenos accepts your kill.
You are struck by the porcupine's spines.
You die...

##...)......P...# #..# #.....
#......♣........####.######.####
#...[.....♣.P...[............#
#.[)(...>....P..))...........#
#....PP♣........()...........#
#(...P...........(...........#
###...P........♣#.............#
...(.........♣.r#.............#
....P...........@.....(.......###
.....P.........##................
...............##................
..........'....##................
......#####......................
......# #......................
......# #......................
......### #......................
........# #......................


You could see a porcupine.

Vanquished Creatures
  The ghost of Tyryt0 the Covert, a novice OpGl of Ashenzari (D:8)
  A black mamba (D:8)
  A troll (D:9)
  A hornet (D:7)
  A hippogriff (D:6)
  A wyvern (D:8)
  2 basilisks
  Edmund (D:5)
  7 porcupines
  3 sky beasts
  4 orc warriors
  An ice beast (D:5)
  4 phantoms
  7 ogres
  7 centaurs
  3 crocodiles (D:8)
  8 bullfrogs
  7 big kobolds
  A gnoll sergeant (D:8)
  A jelly (D:6)
  A wyvern skeleton (D:7)
  A scorpion (D:5)
  6 killer bees (D:8)
  6 crimson imps
  A centaur zombie (D:7)
  A quasit (D:7)
  6 orc priests
  6 hounds
  13 orc wizards
  A bullfrog skeleton (D:8)
  8 iguanas
  5 worker ants
  4 gnolls
  15 adders
  5 river rats
  2 shadow imps
  4 oozes
  4 adder skeletons
  4 worms
  7 leopard geckos
  53 orcs
  7 giant cockroaches
  4 goblins
  6 hobgoblins
  12 jackals
  18 kobolds
  8 quokkas
  3 ball pythons (Sewer)
  2 bats (D:1)
  10 frilled lizards
  18 rats
303 creatures vanquished.

Vanquished Creatures (others)
  2 plants (D:8)
2 creatures vanquished.

Grand Total: 305 creatures vanquished

Notes
Turn   | Place    | Note
-------+----------+-------------------------------------------
     0 | D:1      | Jerry the Minotaur Monk began the quest for the Orb.
     0 | D:1      | Reached XP level 1. HP: 19/19 MP: 0/0
   108 | D:1      | Reached skill level 1 in Armour
   223 | D:1      | Reached XP level 2. HP: 23/26 MP: 1/1
   799 | D:2      | Found a faded altar of an unknown god.
  1110 | D:2      | Found a shattered altar of Ashenzari.
  1193 | D:2      | Found a deep blue altar of Sif Muna.
  1214 | D:2      | Reached XP level 3. HP: 25/31 MP: 2/2
  1436 | D:2      | Reached skill level 1 in Shields
  1461 | D:2      | Found a blossoming altar of Fedhas.
  2214 | D:3      | Found a sacrificial altar of Ru.
  2259 | D:3      | Found an iron altar of Okawaru.
  2267 | D:3      | Reached XP level 4. HP: 37/39 MP: 3/3
  2376 | D:3      | Found a shimmering altar of Xom.
  2722 | D:4      | Reached XP level 5. HP: 34/45 MP: 4/4
  3318 | D:4      | Noticed an ogre
  3324 | D:4      | Killed an ogre
  3324 | D:4      | Reached skill level 5 in Long Blades
  3348 | D:4      | Reached XP level 6. HP: 33/51 MP: 5/5
  3584 | D:4      | Found a basalt altar of Yredelemnul.
  4044 | D:4      | Reached skill level 5 in Dodging
  4107 | D:4      | Gained mutation: You are agile. (Dex +2) [potion of mutation]
  4107 | D:4      | Gained mutation: You have sharp toenails. [potion of mutation]
  4108 | D:4      | Gained mutation: You are occasionally teleported next to monsters. [potion of mutation]
  4108 | D:4      | Gained mutation: You have supernaturally acute eyesight. (SInv) [potion of mutation]
  4109 | D:4      | Gained mutation: You tend to lose your temper in combat. [potion of mutation]
  4109 | D:4      | Gained mutation: You passively map a small area around you. [potion of mutation]
  4193 | D:5      | Entered Level 5 of the Dungeon
  4430 | D:5      | Reached XP level 7. HP: 57/57 MP: 6/6
  4468 | D:5      | Noticed Edmund
  4478 | D:5      | Killed Edmund
  4712 | D:5      | Reached skill level 5 in Armour
  4999 | D:5      | Reached skill level 5 in Shields
  5022 | D:5      | Lost mutation: You are agile. (Dex +2) [mutagenic meat]
  5023 | D:5      | Lost mutation: You are occasionally teleported next to monsters. [mutagenic meat]
  5024 | D:5      | Gained mutation: You have sharp fingernails. [mutagenic meat]
  5025 | D:5      | Gained mutation: You are somewhat resistant to further mutation. [mutagenic meat]
  5097 | D:5      | Found a hide-covered altar of Uskayaw.
  5121 | D:5      | Reached XP level 8. HP: 60/64 MP: 7/7
  5744 | D:6      | Found a glowing drain.
  5750 | Sewer    | Entered a sewer
  6554 | D:6      | Noticed a hippogriff
  6570 | D:6      | Killed a hippogriff
  6570 | D:6      | Reached XP level 9. HP: 14/70 MP: 8/8
  7501 | D:6      | Found a staircase to the Ecumenical Temple.
  7747 | D:6      | Noticed Eustachio
  7838 | Temple   | Entered the Ecumenical Temple
  7916 | Temple   | Became a worshipper of Dithmenos the Shadowed
  7916 | Temple   | Reached * piety under Dithmenos
  7916 | Temple   | Reached ** piety under Dithmenos
  8663 | D:7      | Gained mutation: You are frail. (-10% HP) [mutagenic meat]
  8976 | D:8      | Reached skill level 10 in Long Blades
  9004 | D:8      | Noticed Tyryt0's ghost (novice OpGl)
  9064 | D:8      | Paralysed by a hornet for 2 turns
  9334 | D:8      | Reached XP level 10. HP: 66/69 MP: 9/9
  9957 | D:7      | Reached *** piety under Dithmenos
 10404 | D:8      | Found a staircase to the Lair.
 10464 | D:8      | Reached skill level 10 in Armour
 10481 | D:8      | HP: 3/69 [poisoned by a killer bee]
 11045 | D:9      | Reached skill level 10 in Dodging
 11171 | D:8      | Reached **** piety under Dithmenos
 11772 | D:8      | Found a stormy altar of Qazlal.
 11908 | D:8      | Killed Tyryt0's ghost
 12202 | D:8      | Found a roughly hewn altar of Beogh.
 12411 | D:9      | Got a steaming robe
 13303 | Lair:1   | Entered Level 1 of the Lair of Beasts
 13303 | Lair:1   | Noticed a black mamba
 13326 | D:8      | Reached XP level 11. HP: 37/73 MP: 10/10
 13341 | D:8      | HP: 3/73 [porcupine's spines (12)]
 13345 | D:8      | Impaled on a porcupine's spines

Skill      XL: |  1  2  3  4  5  6  7  8  9 10 |
---------------+-------------------------------+-----
Armour         | 1 2 3 4 5 7 9 11 | 11.1
Long Blades    | 4 5 6 8 10 11 | 11.9
Shields        | 1 2 3 5 |  5.4
Dodging        | 4 5 6 7 9 10 | 10.7
Fighting       | |  3.6
Stealth        | |  1.5

Action                   |  1- 3 |  4- 6 |  7- 9 | 10-12 || total
-------------------------+-------+-------+-------+-------++-------
Melee: Falchion          |    89 |   102 |   483 |   474 ||  1148
       Headbutt          |    11 |    22 |   114 |   120 ||   267
       Kick              |       |     4 |   184 |   189 ||   377
Throw: Javelin           |       |       |     3 |       ||     3
  Use: Scroll            |     2 |     7 |     3 |     6 ||    18
       Potion            |       |     4 |     3 |     5 ||    12
 Stab: Sleeping          |     3 |     5 |     2 |       ||    10
       Invisible         |       |     2 |       |       ||     2
       Distracted        |       |       |     1 |       ||     1
  Eat: Chunk             |     3 |     8 |    27 |    13 ||    51
Armor: Robe              |    14 |     6 |    34 |       ||    54
       Scale mail        |       |       |    29 |    74 ||   103
Dodge: Dodged            |    64 |    56 |   306 |   282 ||   708
Block: Buckler           |       |       |    82 |    94 ||   176
       Rpst.: Falchion   |    17 |    11 |    84 |    79 ||   191
